 Dungeon Crawl Stone Soup version 0.22-a0-580-gd5db89c09a (webtiles) character file.

34 M4edhros the Grave Robber (level 3, -1/21 HPs)
             Began as an Octopode Necromancer on July 2, 2018.
             Killed from afar by an electric eel (9 damage)
             ... with a bolt of electricity
             ... on level 3 of the Dungeon.
             The game lasted 00:03:37 (569 turns).

M4edhros the Grave Robber (Octopode Necromancer)     Turns: 569, Time: 00:03:39

Health: -1/21      AC:  1    Str:  7    XL:     3   Next: 31%
Magic:  1/6        EV: 13    Int: 17    God:
Gold:   70         SH:  0    Dex: 13    Spells: 1/6 levels left

rFire    . . .     SeeInvis .     - Unarmed
rCold    . . .     Gourm    .   (no shield)
rNeg     . . .     Faith    .   (helmet restricted)
rPois    .         Spirit   .   (no amulet)
rElec    .         Reflect  .   (no ring)
rCorr    .         Harm     .   (no ring)
MR       .....                  (no ring)
Stlth    +++.......             (no ring)
HPRegen  0.07/turn              (no ring)
MPRegen  0.10/turn              (no ring)
                                (no ring)
                                (no ring)

@: very slightly contaminated
A: almost no armour, stealthy swim, amphibious, 8 rings, constrict 8, camouflage
1, gelatinous body 1
a: no special abilities


You were on level 3 of the Dungeon.
You were not hungry.

You visited 1 branch of the dungeon, and saw 3 of its levels.

You collected 70 gold pieces.

Inventory:

Wands
 j - a wand of flame (41)
Scrolls
 a - 2 scrolls of magic mapping {unknown}
 d - 2 scrolls of blinking {unknown}
 g - a scroll of noise {unknown}
 h - 2 scrolls of remove curse {unknown}
Potions
 c - a potion of haste {unknown}
 e - a potion of heal wounds {unknown}
 i - a potion of mutation {unknown}
Comestibles
 b - 4 rations
 f - a chunk of flesh


   Skills:
 - Level 2.0 Dodging
 - Level 2.6 Stealth
 + Level 2.8 Unarmed Combat
 - Level 2.0 Spellcasting
 - Level 4.0 Necromancy


You had one spell level left.
You knew the following spells:

 Your Spells              Type           Power        Failure   Level  Hunger
a - Pain                  Necr           ###.         3%          1    #......
b - Animate Skeleton      Necr           N/A          3%          1    #......
c - Regeneration          Chrm/Necr      #.........   26%         3    ###....

Your spell library contained the following spells:

 Spells                   Type           Power        Failure   Level  Hunger
 Animate Dead             Necr           N/A          36%         4    #####..
 Vampiric Draining        Necr           ###.......   11%         3    ###....


Dungeon Overview and Level Annotations

Branches:
Dungeon (3/15)

Altars:
Okawaru
Uskayaw


Innate Abilities, Weirdness & Mutations

You cannot wear most types of armour.
You are very stealthy in the water. (Stealth+)
You are amphibious.
You can wear up to eight rings at the same time.
You can use your tentacles to constrict eight enemies at once.
Your skin changes colour to match your surroundings (Stealth+).
Your rubbery body absorbs attacks. (AC +1, EV +1)


Message History

Your skin stops crawling.
j - a wand of flame (42)
You open the door.
Evoke which item? (* to show all) (? for menu, Esc to quit)
Aiming: Throw Flame
Press: ? - help, Shift-Dir - straight line, f - electric eel
Aim: an electric eel (resting)
The puff of flame hits the electric eel.
The electric eel is lightly wounded.
The electric eel shoots out a bolt of lightning at you!
The bolt of electricity hits the electric eel.
The electric eel completely resists.
The bolt of electricity hits the plant.
The bolt of electricity hits your bat skeleton.
Your bat skeleton is destroyed!
The bolt of electricity hits you!
Ouch! That really hurt!
The electric eel is engulfed in a cloud of scalding steam.
The electric eel shoots out a bolt of lightning at you!
The bolt of electricity hits you!
You die...

#.#≈≈ ≈;#.# #.#≈≈
≈≈#.# #!#≈≈♣≈;#.#
#.#≈≈≈P§#.#
#.#≈...≈#[#
#.#≈...≈#.#
#.###'###.#
#.#P.@.P#.#########
#.#8.©.8#..........
#.#######..########
#....©.....#
####.......#
##...#### #####


You could see 2 electric eels.

Vanquished Creatures
  2 worms
  2 dart slugs (D:1)
  5 bats
  2 goblins (D:1)
  4 jackals (D:1)
  3 kobolds
  2 frilled lizards
  5 rats (D:1)
25 creatures vanquished.

Notes
Turn   | Place    | Note
-------+----------+-------------------------------------------
     0 | D:1      | M4edhros the Octopode Necromancer began the quest for the Orb.
     0 | D:1      | Reached XP level 1. HP: 11/11 MP: 3/3
    43 | D:1      | Learned a level 1 spell: Animate Skeleton
    64 | D:1      | Reached skill level 1 in Unarmed Combat
   103 | D:1      | Reached XP level 2. HP: 15/17 MP: 5/5
   333 | D:1      | Reached XP level 3. HP: 2/21 MP: 0/6
   338 | D:1      | Learned a level 3 spell: Regeneration
   435 | D:2      | Found a hide-covered altar of Uskayaw.
   435 | D:2      | Found an iron altar of Okawaru.
   522 | D:3      | Found a transporter.
   569 | D:3      | Killed from afar by an electric eel

Vault maps used:
D:1:      kennysheep_arrival_seaside, grunt_decor_fettered,
          minmay_misc_feat_rows
D:2:      nicolae_overflow_hidden_temple, gammafunk_temple_overflow_statue,
          first_ration
D:3:      gammafunk_steamed_eel, uniq_ijyb

Skill      XL: |  1  2 |
---------------+-------+-----
Unarmed Combat | 1 2 |  2.8
Dodging        | |  2.0
Stealth        | |  2.6
Spellcasting   | |  2.0
Necromancy     | |  4.0

Action                   || total
-------------------------++-------
Melee: Unarmed           ||    54
       Constrict         ||    14
       Tentacles         ||    11
       Punch             ||     1
 Cast: Pain              ||     7
       Animate Skeleton  ||     4
       Regeneration      ||     3
Evoke: Wand              ||     1
 Stab: Sleeping          ||     5
Armor: Skin              ||     4
Dodge: Dodged            ||    30

Table legend:
 A = Spawn XP
 B = Non-spawn XP
 C = Spawn XP percentage of total XP
 D = Spawn monster count
 E = Non-spawn monster count
 F = Spawn count percentage of total count
 G = Total turns spent on level
                    A         B        C        D         E        F      G
               +---------+---------+-------+---------+---------+-------+---------
         Total |       0 |      49 |   0.0 |       0 |      25 |   0.0 |   569
               +---------+---------+-------+---------+---------+-------+---------
           D:1 |       0 |      34 |   0.0 |       0 |      19 |   0.0 |   370
           D:2 |       0 |       8 |   0.0 |       0 |       4 |   0.0 |   126
           D:3 |       0 |       7 |   0.0 |       0 |       2 |   0.0 |    73
               +---------+---------+-------+---------+---------+-------+---------
